 Dungeon Crawl Stone Soup version 0.27.1-34-g3ba077fa99 (webtiles) character file.

Game seed: 11840249839257811504

94 growler the Gusty (level 4, 0/24 HPs)
             Began as a Tengu Air Elementalist on Jan 26, 2022.
             Slain by a gnoll (11 damage)
             ... on level 2 of the Dungeon.
             The game lasted 00:04:52 (2274 turns).

growler the Gusty (Tengu Air Elementalist)          Turns: 2274, Time: 00:04:53

Health: 0/24       AC:  2    Str:  9    XL:     4   Next: 63%
Magic:  1/9        EV: 12    Int: 16    God:
Gold:   58         SH:  0    Dex: 14    Spells: 3/9 levels left

rFire    + . .     SeeInvis .   (no weapon)
rCold    . . .     Faith    .   (no shield)
rNeg     . . .     Spirit   .   a - +0 robe
rPois    .         Reflect  .   (helmet restricted)
rElec    .         Harm     .   (no cloak)
rCorr    .         Rampage  .   (no gloves)
Will     .....                  (boots unavailable)
Stlth    ++........             (no amulet)
HPRegen  0.08/turn              i - ring of protection from fire
MPRegen  0.11/turn              (no ring)

@: no status effects
A: beak, talons 3
a: no special abilities


You were on level 2 of the Dungeon.
You visited 1 branch of the dungeon, and saw 2 of its levels.

You collected 58 gold pieces.

Inventory:

Armour
 a - a +0 robe (worn)
Jewellery
 i - a ring of protection from fire (left hand)
   (You found it on level 1 of the Dungeon)
Scrolls
 b - a scroll of identify {unknown}
 c - a scroll of vulnerability {unknown}
 d - a scroll of teleportation {unknown}
 f - a scroll of noise {unknown}
Potions
 e - a potion of might {unknown}
 g - a potion of lignification {unknown}
 h - a potion of flight {unknown}


   Skills:
 - Level 2.1 Dodging
 - Level 2.0 Stealth
 + Level 3.0 Spellcasting
 + Level 3.3 Conjurations
 + Level 5.2 Air Magic


You had 3 spell levels left.
You knew the following spells:

 Your Spells              Type           Power      Damage    Failure   Level
a - Shock                 Conj/Air       64%        1d7       3%          1
d - Static Discharge      Conj/Air       16%        N/A       4%          2
s - Swiftness             Air            19%        N/A       7%          3

Your spell library contained the following spells:

 Spells                   Type           Power      Damage    Failure   Level
 Airstrike                Air            9%         N/A       22%         4


Dungeon Overview and Level Annotations

Branches:
Dungeon (2/15)

Altars:
Wu Jian

Annotations:
D:2 Sigmund


Innate Abilities, Weirdness & Mutations

You have a beak for a mouth.
You have claws for feet.


Message History

A giant cockroach comes into view.
Aim: a giant cockroach (asleep, 100% to hit)
The zap hits the giant cockroach.
A giant cockroach is nearby!
Aim: a giant cockroach (almost dead, 71% to hit)
The zap misses the giant cockroach.
A giant cockroach is nearby!
The giant cockroach is struck by an arc of lightning!
You kill the giant cockroach!
The lightning grounds out.
Found 20 stones.
You see here 20 stones.
Sigmund the Dreaded comes into view.
He is wielding a +2 scythe of protection.
Found a stone staircase leading down.
Found 8 stones.
You see here 8 stones. 2 gnolls come into view.
Found 6 gold pieces.
A gnoll comes into view. It is wielding a +0 club.
The gnoll shouts! x3; You hear a shout!
You hear an angry hiss.
Aim: a gnoll, wielding a +0 club (75% to hit)
The zap hits the gnoll. x3
A gnoll comes into view. It is wielding a +0 flail.
Aim: a gnoll, wielding a +0 club (lightly wounded, 75% to hit)
The zap hits the gnoll. x3
Aim: a gnoll, wielding a +0 club (moderately wounded, 75% to hit)
The zap hits the gnoll. x3; The gnoll misses you.
Aim: a gnoll, wielding a +0 club (moderately wounded, 75% to hit)
The zap hits the gnoll. x2
You kill the gnoll!
The zap hits the gnoll.
The zap hits the gnoll but does no damage.
The gnoll closely misses you.
An adder comes into view.
Aim: a gnoll, wielding a +0 club (moderately wounded, 75% to hit)
The zap hits the gnoll. x2; The zap hits the adder.
The adder hisses angrily.
The gnoll hits you with a +0 club.
Aim: a gnoll, wielding a +0 club (heavily wounded, 75% to hit)
The zap hits the gnoll. x2
You kill the gnoll!
The zap hits the adder.
The gnoll hits you with a +0 club. The gnoll barely misses you.
Your Spellcasting skill increases to level 3!
The gnoll is struck by an arc of lightning.
You kill the gnoll!
You are struck by an arc of lightning.
* * * LOW HITPOINT WARNING * * *
The lightning grounds out.
The gnoll hits you with a +0 flail!
You die...

### ## #.##g######
#..@))S....
#..###.#### #..#
##### #.(#
########...###..#
................#
........[.....>####
#......####.........
#.####.# #.########


You could see a gnoll and an adder.

Vanquished Creatures
  2 adders (D:2)
  3 gnolls (D:2)
  3 dart slugs (D:1)
  5 ball pythons
  6 bats
  3 endoplasms (D:1)
  3 giant cockroaches (D:2)
  7 hobgoblins
  3 jackals (D:1)
  3 kobolds
  2 quokkas
  2 frilled lizards (D:1)
  3 goblins (D:1)
  4 rats
49 creatures vanquished.

Notes
Turn   | Place    | Note
-------+----------+-------------------------------------------
     0 | D:1      | growler the Tengu Air Elementalist began the quest for the
                  | Orb.
     0 | D:1      | Reached XP level 1. HP: 10/10 MP: 4/4
   223 | D:1      | Reached XP level 2. HP: 15/15 MP: 0/6
   226 | D:1      | Learned a level 2 spell: Static Discharge
   568 | D:1      | Reached XP level 3. HP: 19/19 MP: 3/7
   708 | D:1      | You fall into a shaft and drop 1 floor!
   717 | D:1      | Learned a level 3 spell: Swiftness
   723 | D:1      | Found a faded altar of an unknown god.
  1349 | D:2      | Found an ornate altar of the Wu Jian Council.
  1743 | D:2      | Reached skill level 5 in Air Magic
  1743 | D:2      | Reached XP level 4. HP: 23/24 MP: 2/9
  2220 | D:2      | Noticed Sigmund
  2274 | D:2      | Slain by a gnoll

Illustrated notes

Levels and vault maps discovered:
D:1:      wander_arrival_lonely_grave, layout_basic,
          shapermc_ecumenical_altar_venn, nrook_uturn, kennysheep_crisscross
D:2:      layout_basic, basic_altar, minmay_misc_feat_secret_circle,
          uniq_sigmund

Skill      XL: |  1  2  3  4 |
---------------+-------------+-----
Conjurations   | 2 3 |  3.3
Air Magic      | 5 |  5.2
Spellcasting   | 3 |  3.0
Dodging        | |  2.1
Stealth        | |  2.0

Action                   |  1- 3 |  4- 6 || total
-------------------------+-------+-------++-------
Melee: Unarmed           |     3 |       ||     3
       Kick              |     1 |       ||     1
 Cast: Shock             |    88 |    23 ||   111
       Static Discharge  |     2 |     2 ||     4
Armor: Robe              |     3 |     1 ||     4
Dodge: Dodged            |     5 |     5 ||    10
